Map: Efflorescence LE

Players

ArchiHeretic - Winner!

  • Race: Protoss Protoss
  • League: Platinum
  • Spawn Location: 12:00

leninhleb - Winner!

  • Race: Terran Terran
  • League: Gold
  • Spawn Location: 3:00

Duffman

  • Race: Terran Terran
  • Spawn Location: 9:00

Ivadios

  • Race: Terran Terran
  • League: Bronze
  • Spawn Location: 6:00

VOD

Have the link to the VOD?

Description

Time

  • Played on: June 6, 2020, 3:18 p.m.
  • Length: 11:24
Show
View Real Time Build Order
Export as new Build Order

ArchiHeretic Protoss - Winner!

Build Orders:  

Get SALT Encoding   

  12  0:01  Probe  
  13  0:15  Pylon  
  13  0:18  Probe  
  14  0:30  Probe  
  15  0:40  Gateway  
  15  0:43  Probe  
  16  0:53  Assimilator  
  16  0:56  Probe  
  17  0:57  Assimilator  
  17  1:08  Probe  
  18  1:20  Probe  
  19  1:28  Cybernetics Core  
  19  1:32  Probe  
  20  1:35  Pylon  
  20  1:45  Probe  
  21  1:57  Probe  
  22  2:05  Nexus  
  22  2:08  Warp Gate (Chrono Boost)  
  22  2:15  Probe  
  23  2:24  Adept  
  23  2:26  Pylon  
  25  2:33  Probe  
  26  2:43  Gateway  
  26  2:48  Gateway  
  26  3:03  Probe  
  27  3:10  Adept  
  29  3:19  Probe x2  
  31  3:20  Pylon  
  31  3:31  Probe  
  32  3:37  Probe  
  33  3:43  Probe  
  33  3:44  Robotics Facility  
  33  3:46  Gateway  
  34  3:52  Probe, Gateway  
  35  3:59  Probe  
  35  4:01  Adept  
  35  4:02  Adept  
  40  4:07  Adept  
  42  4:11  Probe  
  43  4:17  Forge  
  43  4:31  Warp Prism (Chrono Boost)  
  43  4:32  Probe x2  
  47  4:42  Adept x2  
  47  4:43  Adept  
  53  4:49  Pylon  
  53  4:52  Pylon  
  53  5:04  Adept  
  53  5:05  Adept x2  
  53  5:06  Adept  
  61  5:15  Probe x2  
  61  5:16  Protoss Ground Weapons Level 1  
  63  5:24  Photon Cannon  
  63  5:30  Probe x2, Photon Cannon  
  65  5:36  Pylon  
  65  5:42  Probe  
  66  6:02  Probe x2  
  66  6:05  Assimilator  
  66  6:07  Stalker x3  
  66  6:08  Stalker x2  
  66  6:09  Assimilator  
  76  6:22  Robotics Bay  
  76  6:33  Pylon  
  76  6:38  Probe  
  77  6:57  Stalker x3  
  77  6:58  Stalker x2  
  77  6:59  Nexus  
  87  7:08  Pylon  
  87  7:26  Colossus  
  87  7:27  Extended Thermal Lance (Chrono Boost)  
  93  7:37  Photon Cannon  
  93  7:38  Photon Cannon, Stalker x2  
  93  7:40  Photon Cannon  
  97  7:47  Photon Cannon  
  97  7:49  Protoss Ground Armor Level 1 (Chrono Boost)  
  97  7:52  Twilight Council  
  97  7:58  Forge  
  97  8:04  Pylon  
  97  8:21  Colossus  
  103  8:29  Probe x2  
  103  8:31  Probe  
  107  8:41  Protoss Ground Weapons Level 2 (Chrono Boost), Probe x2  
  108  9:00  Adept x3  
  108  9:02  Adept x2  
  118  9:37  Colossus  
  124  9:44  Probe  
  124  9:45  Probe x2  
  125  9:47  Assimilator  
  125  9:48  Pylon  
  125  9:55  Assimilator  
  125  9:58  Pylon  
  125  9:59  Pylon  
  125  10:06  Probe x3  
  128  10:10  Pylon  
  128  10:11  Pylon  
  128  10:12  Pylon  
  128  10:25  Photon Cannon  
  128  10:27  Photon Cannon  
  128  10:29  Photon Cannon  
  128  10:32  Observer  
  103  11:07  Stalker x3  
  103  11:08  Stalker x2  
Show
View Real Time Build Order
Export as new Build Order

leninhleb Terran - Winner!

Build Orders: Reaper Expand 

Get SALT Encoding   

  12  0:01  SCV  
  13  0:18  Supply Depot  
  13  0:19  SCV  
  14  0:31  SCV  
  15  0:42  Barracks  
  15  0:45  SCV  
  15  0:48  Refinery  
  16  0:57  SCV  
  17  1:09  SCV  
  18  1:28  Orbital Command  
  18  1:32  Reaper  
  19  1:42  Supply Depot  
  19  1:51  Command Center  
  19  1:58  SCV  
  20  2:06  Barracks Reactor  
  20  2:10  SCV  
  21  2:30  Factory, Refinery  
  21  2:46  SCV  
  21  2:47  Marine  
  21  2:49  Marine  
  24  3:04  Marine  
  25  3:07  Marine  
  26  3:16  Factory Tech Lab  
  26  3:21  Barracks  
  26  3:22  Orbital Command, Supply Depot  
  26  3:32  Barracks x2  
  26  3:35  Starport  
  26  3:40  Marine x2  
  28  3:50  Siege Tank  
  28  3:54  SCV  
  32  3:59  Supply Depot  
  32  4:10  Barracks Tech Lab  
  32  4:14  Starport Reactor  
  32  4:22  SCV x2  
  34  4:25  Supply Depot  
  34  4:27  Marine x2  
  34  4:28  Barracks Tech Lab  
  34  4:31  Barracks Reactor  
  36  4:34  SCV  
  36  4:35  Stimpack  
  37  4:51  Marine  
  37  4:52  Marine x2  
  42  4:53  Marauder  
  42  5:01  Medivac  
  42  5:02  SCV x2  
  46  5:09  Marine x3, Refinery  
  46  5:10  Marauder  
  46  5:11  Marine  
  52  5:19  Supply Depot  
  52  5:22  Marine  
  52  5:25  Combat Shield  
  52  5:26  Marine  
  52  5:27  Marine  
  55  5:30  Marine x2  
  55  5:31  Marine  
  55  5:35  SCV  
  59  5:36  SCV  
  59  5:39  Marine  
  61  5:44  Siege Tank  
  61  5:47  SCV  
  65  5:55  Supply Depot  
  65  6:00  SCV x2  
  65  6:03  Marine x4  
  71  6:04  Marine  
  71  6:05  Marine  
  73  6:23  Marine  
  73  6:24  Marine x5  
  79  6:38  SCV x2  
  81  6:41  Marine x2  
  83  6:47  Refinery  
  83  6:50  SCV  
  83  7:01  Command Center  
  83  7:02  SCV x2  
  85  7:13  Engineering Bay  
  85  7:15  Engineering Bay  
  85  7:18  Supply Depot  
  85  7:19  Armory  
  85  7:27  Medivac  
  85  7:30  Marine  
  86  7:39  Marine x2  
  86  7:40  SCV, Medivac  
  86  7:41  Supply Depot  
  86  7:43  SCV  
  92  7:47  Marine x2  
  92  7:50  Terran Infantry Weapons Level 1  
  94  7:54  Terran Infantry Armor Level 1  
  94  8:03  SCV, Siege Tank, Marine x2  
  94  8:04  Marine x2  
  102  8:13  Marine, Medivac x2  
  102  8:17  Supply Depot  
  107  8:28  Orbital Command  
  106  8:35  Siege Tank  
  106  8:38  Marine x5  
  106  8:39  Marine  
  115  8:51  Viking  
  117  9:04  SCV x3  
  117  9:07  Siege Tank  
  123  9:12  Supply Depot  
  123  9:15  Terran Vehicle Weapons Level 1  
  123  9:16  SCV  
  124  9:22  Viking x2  
  128  9:49  Marine x3  
  128  9:50  Marine, Marauder x2  
  128  9:52  Viking  
  138  9:57  SCV x3  
  141  10:04  Command Center  
  141  10:14  Siege Tank, Marine x3, Marauder  
  141  10:16  Supply Depot  
  149  10:33  SCV  
  149  10:34  Marine  
  149  10:35  Marine  
Show
View Real Time Build Order
Export as new Build Order

Duffman Terran 

Build Orders:  

Get SALT Encoding   

  12  0:01  SCV  
  14  0:18  SCV  
  14  0:19  Supply Depot  
  14  0:30  SCV  
  14  0:33  Refinery  
  15  0:43  Barracks  
  15  0:47  SCV  
  16  0:59  SCV  
  17  1:14  SCV  
  18  1:30  Orbital Command, Reaper  
  19  1:35  Supply Depot  
  19  1:38  Refinery  
  19  1:57  SCV  
  20  2:03  Factory  
  20  2:09  SCV  
  20  2:14  Marine  
  22  2:22  SCV  
  24  2:37  SCV  
  24  2:49  SCV, Factory Tech Lab  
  24  2:50  Command Center  
  25  2:55  Barracks Tech Lab  
  25  3:10  SCV  
  25  3:12  Siege Tank  
  29  3:14  Stimpack  
  29  3:21  Barracks  
  29  3:22  Barracks  
  29  3:24  SCV  
  30  3:37  SCV  
  31  3:43  Starport  
  31  3:47  Supply Depot  
  31  4:02  Engineering Bay  
  31  4:10  Barracks Reactor  
  31  4:11  Barracks Reactor  
  31  4:12  Marauder  
  33  4:20  Starport Reactor  
  33  4:28  Siege Tank  
  33  4:31  Terran Infantry Weapons Level 1  
  36  4:41  Orbital Command  
  36  4:51  Marine x3  
  36  4:52  Marine  
  40  4:59  Marauder  
  42  5:03  Medivac  
  42  5:06  Medivac  
  46  5:14  SCV x2  
  48  5:24  Supply Depot  
  48  5:25  Marine, Supply Depot  
  48  5:26  SCV, Marine  
  48  5:27  SCV  
  52  5:28  Marine  
  52  5:29  Marine  
  54  5:45  Marine x3  
  54  5:46  Marine  
  54  5:47  Marine  
  56  6:03  Marine  
  57  6:06  Viking  
  57  6:07  Medivac  
  61  6:15  Marine x4  
  65  6:22  Marauder  
  67  6:29  Supply Depot  
  67  6:32  Marine x2  
  67  6:33  Marine  
  70  6:43  Marauder  
  72  6:59  Marine  
  72  7:00  Marine x3  
  76  7:02  Siege Tank  
  76  7:03  Medivac  
  76  7:04  Marauder  
  77  7:32  Marine x3  
  77  7:33  Marine  
  77  7:34  Marauder  
  83  7:38  Siege Tank  
  86  7:55  Terran Infantry Armor Level 1  
  86  7:57  Command Center  
  86  8:01  Armory  
  86  8:09  Supply Depot  
  86  8:10  Supply Depot  
  86  8:16  Refinery x2  
  86  8:31  SCV x2, Siege Tank, Marine  
  92  8:42  Viking  
  92  8:43  SCV x2, Viking  
  98  8:52  Engineering Bay  
  98  8:55  SCV x2  
  100  8:57  Marine  
  100  8:58  Marine  
  102  9:05  Supply Depot  
  102  9:09  SCV x2, Marine  
  105  9:10  Orbital Command  
  105  9:44  Viking x2  
  109  9:47  SCV  
  109  9:48  SCV x2  
  112  9:55  Starport  
  112  9:58  Barracks  
  112  9:59  Barracks, SCV  
  113  10:00  SCV x2  
  113  10:04  Marine x3  
  113  10:05  Marine, Marauder  
  121  10:12  SCV x2  
Show
View Real Time Build Order
Export as new Build Order

Ivadios Terran 

Build Orders:  

Get SALT Encoding   

  12  0:19  Supply Depot  
  12  0:49  Barracks  
  12  1:08  SCV  
  13  1:20  SCV  
  13  1:21  Supply Depot  
  14  1:37  Barracks  
  14  1:42  Orbital Command  
  14  1:43  Supply Depot  
  14  1:49  Marine  
  15  2:05  Supply Depot  
  15  2:07  Marine  
  16  2:10  Refinery  
  16  2:25  Marine  
  17  2:32  Engineering Bay  
  17  2:59  Command Center  
  17  3:00  Engineering Bay  
  17  3:01  Marine  
  17  3:02  Marine  
  19  3:11  SCV  
  20  3:23  SCV  
  21  3:42  SCV  
  22  3:51  Marine x2  
  22  3:54  SCV  
  25  3:59  Terran Infantry Weapons Level 1  
  25  4:06  SCV, Supply Depot  
  25  4:09  Marine x2  
  28  4:18  SCV x2  
  30  4:26  Marine  
  30  4:27  Marine  
  30  4:30  SCV x2  
  34  4:40  Supply Depot  
  34  4:42  SCV  
  34  4:44  Marine x2  
  37  4:58  Terran Infantry Armor Level 1  
  37  5:02  Marine x2, Supply Depot  
  39  5:13  SCV  
  40  5:14  SCV  
  40  5:20  Marine x2  
  43  5:25  SCV  
  43  5:26  Supply Depot  
  43  5:27  SCV  
  45  5:37  SCV  
  46  5:48  Supply Depot  
  47  6:25  SCV x2  
  48  6:33  Marine  
  48  6:34  Marine  
  48  6:37  SCV  
  48  6:38  SCV  
  52  6:49  SCV  
  52  6:50  SCV  
  52  6:51  Marine x2  
  56  7:09  Marine x2  
  56  7:10  Factory  
  58  7:27  Marine  
  59  7:54  Refinery  
  59  7:55  Refinery  
  59  8:15  Barracks Reactor  
  59  8:18  Barracks Reactor  
  59  8:19  Barracks  
  59  8:20  Barracks  
  59  8:21  Barracks  
  56  9:10  Starport  
  56  9:11  Starport  
  51  9:18  Marine x4  
  51  9:19  Marine x3  
  54  9:36  Marine x2  
  55  9:48  Starport  
  55  9:51  Missile Turret  
  55  9:55  Missile Turret  
  55  10:05  Barracks Reactor x3  
  55  10:13  Marine x3  
  55  10:14  Missile Turret, Marine  
  59  10:18  Starport Reactor  
  59  10:31  Marine  
  33  10:51  Refinery  
  30  10:59  Marine x5  
  30  11:00  Marine x5  
Tags
 
Add a new tag
Caveats
  • Supply blocks, unpowered buildings, or Contaminate may cause inaccurate times.
  • Supply counts are checked every 10 seconds.